 Dungeon Crawl Stone Soup version 0.17-a0-910-ga669010 (webtiles) character file.

5563 hornqvist the Cleaver (level 11, -8/75 HPs)
             Began as a Formicid Fighter on May 2, 2015.
             Was an Initiate of Gozag.
             Mangled by a manticore (17 damage)
             ... on level 10 of the Dungeon.
             The game lasted 00:09:26 (8418 turns).

hornqvist the Cleaver (Formicid Fighter)            Turns: 8418, Time: 00:09:26

Health: -8/75      AC: 14    Str: 25    XL:     11   Next: 2%
Magic:  11/11      EV: 10    Int:  7    God:    Gozag
Gold:   458        SH: 12    Dex: 10    Spells: 0 memorised, 10 levels left

rFire  . . .     SeeInvis +     A - +0 battleaxe (curse)
rCold  . . .     Clarity  .     f - +1 chain mail
rNeg   . . .     SustAb   .     c - +0 shield
rPois  +         Gourm    .     (helmet unavailable)
rElec  .         Spirit   .     (no cloak)
rCorr  .         Warding  .     E - +1 pair of gloves
rMut   .         Stasis   +     (no boots)
MR     +....                    u - amulet of faith
Stlth  ..........               y - ring of poison resistance
                                h - ring of teleportation (curse)

@: somewhat resistant to hostile enchantments, extremely unstealthy
A: permanent stasis, dig shafts and tunnels, four strong arms, antennae 3
a: Dig, Shaft Self, Potion Petition, Call Merchant, Bribe Branch, Renounce
Religion, Evoke Teleportation


You were on level 10 of the Dungeon.
You worshipped Gozag.
Gozag was noncommittal.
You were not hungry.

You visited 2 branches of the dungeon, and saw 11 of its levels.

You collected 1066 gold pieces.
You paid 608 gold pieces to Gozag.

Inventory:

Hand weapons
 a - a +0 war axe
 A - a cursed +0 battleaxe (weapon)
Armour
 b - a +0 scale mail
 c - a +0 shield (worn)
 f - a +1 chain mail (worn)
 s - a +1 ring mail of cold resistance
 E - a +1 pair of gloves (worn)
Jewellery
 h - a cursed ring of teleportation (left hand)
 i - an uncursed amulet of resist corrosion
 u - an amulet of faith (around neck)
 y - a ring of poison resistance (right hand)
Magical devices
 o - a wand of lightning (4)
 p - a wand of frost (27)
 x - a wand of magic darts (47)
 C - a wand of magic darts (25)
Scrolls
 k - 10 scrolls of identify
 m - a scroll of recharging
 q - 4 scrolls of amnesia
 w - 2 scrolls of teleportation
 B - 3 scrolls of remove curse {unknown}
 F - a scroll of magic mapping
 G - a scroll of holy word {unknown}
 I - a scroll of enchant weapon {unknown}
Potions
 d - 3 potions of might
 g - 2 potions of heal wounds {unknown}
 j - a potion of lignification {unknown}
 l - 2 potions of cancellation {unknown}
 n - a potion of invisibility {unknown}
 r - a potion of poison {unknown}
 v - 2 potions of mutation
Books
 D - a book of Fire

   Spells                             Type                      Level
   a - Ignite Poison                  Fire/Transmutation/Poison    3
   b - Fireball                       Conjuration/Fire             5
   c - Bolt of Fire                   Conjuration/Fire             6
   d - Delayed Fireball               Conjuration/Fire             7
   e - Ring of Flames                 Charms/Fire                  7
Comestibles
 e - 13 bread rations
 z - 3 meat rations


   Skills:
 - Level 3.2 Fighting
 * Level 10.3 Axes
 + Level 8.4 Armour
 + Level 6.0 Dodging
 + Level 9.1 Shields


You had 10 spell levels left.
You didn't know any spells.

Dungeon Overview and Level Annotations

Branches:
Dungeon (10/15)            Temple (1/1) D:6
   Lair: D:8-11         Orc: D:9-12

Altars:
Ashenzari
Cheibriados
Dithmenos
Elyvilon
Fedhas
Gozag
Kikubaaqudgha
Makhleb
Nemelex Xobeh
Okawaru
Qazlal
Ru
Sif Muna
Trog
Vehumet
Xom
Yredelemnul
Zin
The Shining One

Shops:
D:7 %   D:10 *   D:11 (

Annotations:
D:6 2 runed doors


Innate Abilities, Weirdness & Mutations

You are under a permanent stasis effect.
You can dig through walls and to a lower floor.
Your four strong arms can wield two-handed weapons with a shield.
You have a pair of large antennae on your head (SInv).


Message History

You block the manticore's attack. The manticore barely misses you.
You closely miss the manticore. The manticore barely misses you.
The manticore claws you!
* * * LOW HITPOINT WARNING * * *
The manticore claws you.
* * * LOW HITPOINT WARNING * * *
You take 10 damage, and have 11/75 hp.
Your chain mail prevents you from hitting the manticore.
The manticore barely misses you. You block the manticore's attack.
The manticore claws you!
* * * LOW HITPOINT WARNING * * *
You take 7 damage, and have 4/75 hp.
Drink which item? (? for menu, Esc to quit)
You feel better. The manticore barely misses you.
The manticore claws you but does no damage.
The manticore misses you.
You regained 5 hp, and now have 9/75 hp.
You hit the manticore but do no damage. The manticore bites you!
You die...
Your body crumbles into a pile of gold.

....# ......
#...##.........
#...##..........
#................
#...#.............
#................#
#.#.∩.#..........#
#..................
#...#.....@$...?...
#...#......H.....#.$
#..)#............#
#...#............#
#...#.$..........#
.....#.?......../$
......#............
.......#..<........
###...............


You could see a manticore.

Vanquished Creatures
  An unseen horror (D:10)
  A gargoyle (D:10)
  A spriggan (D:8)
  2 humans (D:9)
  A deep elf mage (D:9)
  2 steam dragons (D:9)
  A water moccasin (D:8)
  3 sky beasts
  2 ice beasts (D:9)
  2 orc warriors (D:8)
  4 phantoms
  A black bear (D:9)
  2 centaurs
  3 ogres
  2 necrophages
  A crocodile (D:9)
  A big kobold (D:9)
  Blork the orc (D:6)
  2 giant frogs (D:9)
  2 scorpions
  2 water moccasin skeletons (D:6)
  3 wights (D:7)
  4 crimson imps
  A centaur zombie (D:7)
  3 jellies (D:5)
  4 hounds
  4 iguanas
  2 centaur skeletons
  9 orc priests
  A quasit (D:8)
  Ijyb (D:3)
  4 orc wizards
  A giant frog skeleton (D:5)
  7 worker ants
  A hound zombie (D:6)
  3 hound skeletons
  2 worker ant zombies
  12 adders
  2 worms (D:2)
  21 orcs
  A ball python (D:2)
  A bat skeleton (D:5)
  A bat zombie (D:5)
  6 giant cockroaches
  11 goblins
  6 hobgoblins
  4 jackals (D:4)
  12 kobolds
  6 quokkas
  12 bats
  2 giant geckos
  2 giant newts (D:1)
  2 gnoll zombies (D:4)
  A quokka skeleton (D:5)
  10 rats
199 creatures vanquished.

Vanquished Creatures (others)
  2 kobolds (D:9)
2 creatures vanquished.

Grand Total: 201 creatures vanquished

Notes
Turn   | Place    | Note
--------------------------------------------------------------
     0 | D:1      | hornqvist, the Formicid Fighter, began the quest for the Orb.
     0 | D:1      | Reached XP level 1. HP: 18/18 MP: 1/1
   170 | D:1      | Reached XP level 2. HP: 24/24 MP: 2/2
   520 | D:2      | Reached skill level 4 in Shields
   520 | D:2      | Reached XP level 3. HP: 12/29 MP: 3/3
  1258 | D:2      | Reached XP level 4. HP: 24/35 MP: 4/4
  1375 | D:3      | Noticed Ijyb
  1384 | D:3      | Killed Ijyb
  1384 | D:3      | Reached skill level 1 in Dodging
  1606 | D:3      | Reached XP level 5. HP: 17/41 MP: 5/5
  1913 | D:3      | Found a glowing drain.
  1956 | D:3      | Found a sparkling altar of Nemelex Xobeh.
  2216 | D:4      | Noticed a phantom
  2244 | D:4      | Killed a phantom
  2244 | D:4      | Reached XP level 6. HP: 30/47 MP: 6/6
  2550 | D:4      | Found a basalt altar of Yredelemnul.
  2591 | D:4      | Reached skill level 5 in Shields
  2696 | D:5      | Entered Level 5 of the Dungeon
  2733 | D:5      | Reached XP level 7. HP: 52/52 MP: 7/7
  2970 | D:5      | Reached skill level 5 in Armour
  3010 | D:5      | Reached skill level 5 in Axes
  3014 | D:5      | Noticed a sky beast
  3069 | D:5      | Killed a sky beast
  3387 | D:5      | Found a glowing golden altar of the Shining One.
  3428 | D:5      | Reached XP level 8. HP: 50/58 MP: 8/8
  4078 | D:6      | Reached skill level 6 in Axes
  4138 | D:6      | Noticed Blork the orc
  4146 | D:6      | Killed Blork the orc
  4206 | D:6      | HP: 2/58 [centaur/arrow (2)]
  4793 | D:6      | Found a runed door.
  4806 | D:6      | Found a runed door.
  5037 | D:6      | Found a staircase to the Ecumenical Temple.
  5088 | D:6      | Found a white marble altar of Elyvilon.
  5089 | D:6      | Found an ancient bone altar of Kikubaaqudgha.
  5096 | D:6      | Reached skill level 7 in Axes
  5141 | D:6      | Reached XP level 9. HP: 64/64 MP: 9/9
  5525 | D:7      | Found a snail-covered altar of Cheibriados.
  5660 | D:7      | Found Zoihelli's Food Boutique.
  5893 | Temple   | Entered the Ecumenical Temple
  5960 | Temple   | Became a worshipper of Gozag Ym Sagoz the Greedy
  6166 | D:7      | Reached skill level 8 in Axes
  6661 | D:8      | Found a blossoming altar of Fedhas.
  6854 | D:8      | Reached XP level 10. HP: 41/70 MP: 10/10
  7052 | D:8      | Reached skill level 5 in Dodging
  7061 | D:8      | Reached skill level 9 in Axes
  7803 | D:9      | Found an iron altar of Okawaru.
  8060 | D:9      | Found a burning altar of Makhleb.
  8253 | D:10     | Entered Level 10 of the Dungeon
  8254 | D:10     | Noticed an unseen horror
  8255 | D:10     | Found Zuveid's General Store.
  8260 | D:10     | Reached skill level 10 in Axes
  8279 | D:10     | Killed an unseen horror
  8280 | D:10     | Noticed a gargoyle
  8289 | D:10     | Killed a gargoyle
  8289 | D:10     | Reached XP level 11. HP: 34/75 MP: 11/11
  8399 | D:10     | Noticed a manticore
  8418 | D:10     | Mangled by a manticore

Action                   |  1- 3 |  4- 6 |  7- 9 | 10-12 || total
-------------------------+-------+-------+-------+-------++-------
Melee: War axe           |   125 |   161 |   254 |       ||   540
       Battleaxe         |       |       |   110 |   196 ||   306
Invok: Call Merchant     |       |       |       |     1 ||     1
 Abil: Dig               |       |     2 |     1 |       ||     3
  Use: Potion            |     1 |       |     1 |     2 ||     4
       Scroll            |       |       |    10 |       ||    10
 Stab: Distracted        |       |       |     1 |     1 ||     2
  Eat: Chunk             |     1 |     6 |     8 |       ||    15
       Fruit             |       |       |     3 |       ||     3
       Beef jerky        |       |       |     1 |     3 ||     4
       Pizza             |       |       |     1 |       ||     1
       Bread ration      |       |       |       |     1 ||     1
